[Event "Titled Tuesday Blitz November 14 Late 2023"]
[White "Hamitevici, Vladimir"]
[Black "Hoffmann, Asa"]
[WhiteFideId "13902393"]
[BlackFideId "2001470"]
[WhiteElo "2706"]
[BlackElo "2417"]
[Result "1-0"]
[Round "1"]
[TimeControl "180+1"]
[Date "2023.11.14"]
[WhiteClock "0:00:17"]
[BlackClock "0:00:51"]
[Board "70"]

1. d3 Nf6 2. c3 e5 3. g3 c6 4. Nf3 Qc7 5. Bg2 d5 6. O-O Be7 7. e4 dxe4 8. dxe4 h6 9. Nh4 Be6 10. Nf5 Bxf5 11. exf5 Nbd7 12. Nd2 O-O 13. Re1 Rad8 14. Qe2 Rfe8 15. b4 a5 16. a3 Bf8 17. Nc4 a4 18. Nb2 Ra8 19. c4 b6 20. Qc2 Qa7 21. Bxc6 Rac8 22. Qxa4 Qc7 23. Bg2 e4 24. Bf4 Bd6 25. Bxd6 Qxd6 26. Qb3 Qe5 27. Bh3 Nh7 28. f4 Qd4+ 29. Kh1 Nhf6 30. Rad1 Qf2 31. Rf1 Qe3 32. Rfe1 Qf2 33. Rf1 Qe3 34. Qxe3 1-0


[Site "https://www.chess.com"]

[Event "Titled Tuesday Blitz November 14 Late 2023"]
[White "Kujawski, Adam"]
[Black "Zeltsan, Joseph"]
[WhiteFideId "1100920"]
[BlackFideId "30932980"]
[WhiteElo "2416"]
[BlackElo "2705"]
[Result "0-1"]
[Round "1"]
[TimeControl "180+1"]
[Date "2023.11.14"]
[WhiteClock "0:00:00"]
[BlackClock "0:01:37"]
[Board "71"]

1. e4 c5 2. Nf3 d6 3. d4 cxd4 4. Nxd4 Nf6 5. Nc3 a6 6. Bg5 e6 7. f4 Qb6 8. Qd3 Qxb2 9. Rb1 Qa3 10. f5 Be7 11. fxe6 fxe6 12. Be2 Qa5 13. Bd2 Qc7 14. O-O O-O 15. a4 Nc6 16. Qc4 Qd7 17. Nf5 Kh8 18. Nxe7 Qxe7 19. Bg5 Bd7 20. Qb3 Rac8 21. Qxb7 Nd4 22. Bxf6 gxf6 0-1


[Site "https://www.chess.com"]

[Event "Titled Tuesday Blitz November 14 Late 2023"]
[White "Rorrer, Grayson"]
[Black "Goncalves, Davi Sulzbacher"]
[WhiteFideId "30944996"]
[BlackFideId "2154510"]
[WhiteElo "2702"]
[BlackElo "2415"]
[Result "1-0"]
[Round "1"]
[TimeControl "180+1"]
[Date "2023.11.14"]
[WhiteClock "0:00:22"]
[BlackClock "0:00:40"]
[Board "72"]

1. e4 c5 2. Nf3 Nc6 3. Bb5 g6 4. O-O Bg7 5. c3 Nf6 6. Re1 O-O 7. d4 d5 8. e5 Ne4 9. Be3 cxd4 10. cxd4 Bf5 11. Nc3 Nxc3 12. bxc3 Na5 13. Nh4 Bd7 14. Bd3 Qc7 15. Rc1 Nc4 16. Bg5 Nb2 17. Qe2 Nxd3 18. Qxd3 Be6 19. Bd2 a6 20. f4 Bd7 21. f5 Qc4 22. Qb1 Bb5 23. Bg5 Rfe8 24. e6 f6 25. fxg6 Qd3 26. gxh7+ Kxh7 27. Bf4 Qxb1 28. Rxb1 Rac8 29. Bd2 Rc4 30. Nf5 Kg6 31. g4 Ra4 32. Rb2 Bf8 33. h4 Rc8 34. Kf2 Rc7 35. Ne3 Bd3 36. Nxd5 Rc6 37. Nf4+ 1-0


[Site "https://www.chess.com"]

[Event "Titled Tuesday Blitz November 14 Late 2023"]
[White "Suspenser17"]
[Black "Shuvalova, Polina"]
[BlackFideId "24171760"]
[WhiteElo "2413"]
[BlackElo "2697"]
[Result "0-1"]
[Round "1"]
[TimeControl "180+1"]
[Date "2023.11.14"]
[WhiteClock "0:00:04"]
[BlackClock "0:00:15"]
[Board "73"]

1. e4 c6 2. d4 d6 3. Nf3 g6 4. Nc3 Bg7 5. Be3 Nf6 6. h3 Nbd7 7. Qd2 O-O 8. Bh6 e5 9. O-O-O Qe7 10. dxe5 dxe5 11. Bxg7 Kxg7 12. Bc4 Nc5 13. Rhe1 b5 14. Bd3 b4 15. Ne2 Rd8 16. Qe3 a5 17. Ng3 a4 18. Bc4 Rxd1+ 19. Rxd1 a3 20. Qg5 axb2+ 21. Kxb2 Na4+ 22. Kc1 Qc5 23. Nxe5 Nc3 24. Rd8 h6 25. Qf4 Nxa2+ 26. Kd2 b3 27. Bxb3 Qb4+ 28. Ke2 Ba6+ 29. Kf3 Rxd8 30. Nxc6 Qc3+ 31. Qe3 Qxc6 0-1


[Site "https://www.chess.com"]

[Event "Titled Tuesday Blitz November 14 Late 2023"]
[White "CuteSheepCloud"]
[Black "ChessLebaneseSalah"]
[WhiteElo "2692"]
[BlackElo "2410"]
[Result "0-1"]
[Round "1"]
[TimeControl "180+1"]
[Date "2023.11.14"]
[WhiteClock "0:00:41"]
[BlackClock "0:00:10"]
[Board "74"]

1. e4 c5 2. Nf3 d6 3. Bb5+ Bd7 4. a4 Nf6 5. O-O e6 6. Re1 Be7 7. c3 a6 8. Bf1 O-O 9. d4 cxd4 10. cxd4 d5 11. e5 Ne4 12. Nc3 Nxc3 13. bxc3 Nc6 14. Bd3 Rc8 15. Bf4 Na5 16. Qd2 Nb3 17. Bxh7+ Kh8 18. Bc2 Nxd2 19. Bxd2 Bb4 20. Re3 g6 21. Ne1 Be7 22. Rh3+ Kg8 23. Rg3 Kg7 24. Rb1 Qc7 25. h4 Bxh4 26. Rh3 Rh8 27. Rf3 Bc6 28. g3 Qd8 29. gxh4 Qxh4 30. Kf1 Qg4 31. Rg3 Rh1+ 32. Kg2 Qh5 33. Bd1 Qh2+ 34. Kf3 Rf1 35. Ng2 Qh5+ 36. Rg4 Qh3+ 37. Rg3 Qf5+ 38. Ke2 Rxf2+ 39. Ke3 Rxg2 40. Rxg2 Qxb1 41. Be2 Qe4+ 42. Kf2 Bxa4 43. Bg5 Qf5+ 44. Kg1 Rxc3 45. Bf6+ Kg8 46. Rf2 Rg3+ 47. Kf1 Qh3+ 48. Ke1 Qh1+ 49. Rf1 Rg1 50. Kf2 Rxf1+ 51. Bxf1 Qe4 0-1


[Site "https://www.chess.com"]

[Event "Titled Tuesday Blitz November 14 Late 2023"]
[White "Abduzhaparov"]
[Black "Hasangatin, Ramil"]
[BlackFideId "4122160"]
[WhiteElo "2408"]
[BlackElo "2689"]
[Result "0-1"]
[Round "1"]
[TimeControl "180+1"]
[Date "2023.11.14"]
[WhiteClock "0:00:00"]
[BlackClock "0:01:37"]
[Board "75"]

1. Nf3 d5 2. c4 c6 3. d4 dxc4 4. e3 Be6 5. a4 Nf6 6. Na3 c5 7. Nxc4 Nc6 8. Nfe5 Nxe5 9. Nxe5 a6 10. Nf3 Bd5 11. Be2 cxd4 12. Qxd4 e6 13. O-O Rc8 14. Rd1 Bc5 15. Qh4 Qe7 16. Bd2 Ne4 17. Qxe7+ Kxe7 18. Be1 Bb3 19. Rdc1 Rhd8 20. a5 Bd6 21. Nd2 Nxd2 22. Bxd2 Rxc1+ 23. Bxc1 Bb4 24. Kf1 Rd5 25. e4 Rxa5 26. Rxa5 Bxa5 27. Be3 Bb4 28. Bd3 e5 29. Ke2 b5 30. Bd2 Bxd2 31. Kxd2 Kd6 32. Kc3 Be6 33. b4 Kc6 34. g3 g5 35. h4 gxh4 36. gxh4 Kb6 37. Be2 a5 38. Bd3 Bd7 39. Be2 a4 40. Kb2 Bc6 41. Bd3 Kc7 42. Kc3 Kd6 43. Bb1 Ke7 44. Kd3 Kf6 45. Ba2 Bd7 46. Ke3 Be6 47. Bb1 a3 0-1


[Site "https://www.chess.com"]

[Event "Titled Tuesday Blitz November 14 Late 2023"]
[White "Djokic, Mihailo"]
[Black "Marcziter, Dmitrii"]
[WhiteFideId "976440"]
[BlackFideId "13900765"]
[WhiteElo "2685"]
[BlackElo "2408"]
[Result "1/2-1/2"]
[Round "1"]
[TimeControl "180+1"]
[Date "2023.11.14"]
[WhiteClock "0:00:51"]
[BlackClock "0:00:11"]
[Board "76"]

1. e4 c5 2. c3 d5 3. exd5 Qxd5 4. Nf3 Nf6 5. Be2 Nc6 6. O-O Bg4 7. Re1 e6 8. h3 Bh5 9. Qa4 Be7 10. Na3 O-O 11. Nc2 a6 12. Ne3 Qd8 13. d3 b5 14. Qc2 Rc8 15. a4 Qb6 16. Bd2 Rfd8 17. axb5 axb5 18. Qb3 Bg6 19. d4 cxd4 20. cxd4 Nxd4 21. Nxd4 Qxd4 22. Bc3 Qf4 23. Ba5 Re8 24. g3 Qe4 25. Bxb5 Rb8 26. Qa4 Rec8 27. Qxe4 Bxe4 28. Ba6 Rf8 29. Bc3 Nd5 30. Nxd5 Bxd5 31. Bd3 Bc5 32. Be4 Rfd8 33. Kg2 Bb4 34. Bxd5 Bxc3 35. bxc3 Rxd5 36. c4 Rc5 37. Ra4 Rbc8 38. Rb1 g6 39. Rbb4 Kg7 40. Kf3 h5 41. h4 Rd8 42. Rb5 Rc7 43. c5 Rd3+ 44. Ke2 Rc3 45. Raa5 Kf6 46. Kd2 Rc4 47. Kd3 Rc1 48. Kd4 Rf1 49. Rb2 Rd1+ 50. Kc4 Rc1+ 51. Kb4 Ke5 52. Rb5 Ke4 53. Ka5 R1xc5 1/2-1/2


[Site "https://www.chess.com"]

[Event "Titled Tuesday Blitz November 14 Late 2023"]
[White "Gurevich, Dmitry"]
[Black "Zakaryan, David"]
[WhiteFideId "2000407"]
[BlackFideId "24101923"]
[WhiteElo "2408"]
[BlackElo "2684"]
[Result "0-1"]
[Round "1"]
[TimeControl "180+1"]
[Date "2023.11.14"]
[WhiteClock "0:00:12"]
[BlackClock "0:00:22"]
[Board "77"]

1. d4 Nf6 2. c4 e6 3. Nf3 d5 4. Nc3 Bb4 5. e3 O-O 6. Bd3 dxc4 7. Bxc4 c5 8. O-O cxd4 9. exd4 b6 10. Bg5 Bb7 11. Qe2 Nbd7 12. Rad1 Bxc3 13. bxc3 Qc7 14. Ne5 Nxe5 15. dxe5 Ne4 16. Bd2 Rac8 17. Bd3 Nxd2 18. Rxd2 Qxc3 19. Bb1 Rfd8 20. Rc2 Qa3 21. Rxc8 Rxc8 22. Rd1 Rc1 23. h3 Bd5 24. Kh2 Rxd1 25. Qxd1 Qb4 26. Qc2 g6 27. Qc1 Qc5 28. Qg5 Qxf2 29. h4 h6 30. Qg4 Kg7 31. a4 Qe3 0-1


[Site "https://www.chess.com"]

[Event "Titled Tuesday Blitz November 14 Late 2023"]
[White "GaiozNigalidze"]
[Black "Arnold, Ken"]
[BlackFideId "2056836"]
[WhiteElo "2681"]
[BlackElo "2403"]
[Result "1-0"]
[Round "1"]
[TimeControl "180+1"]
[Date "2023.11.14"]
[WhiteClock "0:00:48"]
[BlackClock "0:00:02"]
[Board "78"]

1. e4 c6 2. d3 d5 3. Nd2 dxe4 4. Nxe4 Nf6 5. Ng3 h5 6. h4 Qc7 7. Nf3 Bg4 8. Be2 e6 9. Bg5 Nbd7 10. O-O Bd6 11. Ne4 Nxe4 12. dxe4 Ne5 13. Nxe5 Bxe2 14. Qxe2 Bxe5 15. c3 Bh2+ 16. Kh1 Bf4 17. Bxf4 Qxf4 18. g3 Qe5 19. Kg2 O-O-O 20. Rfd1 g6 21. f4 Qc5 22. e5 Rd5 23. c4 Rd4 24. Rxd4 Qxd4 25. Rd1 Qc5 26. Qd3 Qe7 27. a3 Rd8 28. Qe2 Rxd1 29. Qxd1 Qc5 30. Qd3 b5 31. cxb5 cxb5 32. Kf3 Kc7 33. Ke2 Kc6 34. Qe4+ Qd5 35. Qc2+ Qc4+ 36. Qxc4+ bxc4 37. Kd2 Kd5 38. Kc3 a5 39. Kc2 Kd4 40. Kd2 Kd5 41. Kc3 Kc5 42. Kc2 Kd4 43. Kd2 Kd5 44. Ke3 Kc5 45. Ke4 c3 46. bxc3 Kc4 47. f5 gxf5+ 48. Kf4 Kxc3 49. Kg5 Kb3 50. Kxh5 Kxa3 51. Kg5 Kb3 52. h5 a4 53. h6 a3 54. h7 a2 55. h8=Q a1=Q 56. Qb8+ Kc4 57. Qc7+ Kd3 58. Kf6 Ke4 59. Qb7+ Kd4 60. Qxf7 Qa6 61. Qxe6 Qf1 62. Qxf5 1-0


[Site "https://www.chess.com"]

[Event "Titled Tuesday Blitz November 14 Late 2023"]
[White "Figorito, Nick"]
[Black "Slaby, Jerzy"]
[WhiteFideId "30923689"]
[BlackFideId "1121405"]
[WhiteElo "2402"]
[BlackElo "2676"]
[Result "1/2-1/2"]
[Round "1"]
[TimeControl "180+1"]
[Date "2023.11.14"]
[WhiteClock "0:01:17"]
[BlackClock "0:01:55"]
[Board "79"]

1. Nf3 c6 2. g3 d5 3. Bg2 Nf6 4. O-O Bf5 5. c4 e6 6. cxd5 exd5 7. d4 Nbd7 8. Nc3 h6 9. Bf4 Be7 10. Qb3 Qb6 11. Qxb6 axb6 12. Ne5 O-O 13. Nxd7 Nxd7 14. a3 Nf6 15. h3 b5 16. Be5 Rfe8 17. Bxf6 Bxf6 18. e3 Bd3 19. Rfd1 Bc4 20. Bf1 Bxf1 21. Kxf1 h5 22. h4 Ra6 23. Kg2 g6 24. Ne2 Rea8 25. Rac1 Ra4 26. Nf4 b4 27. axb4 Rxb4 28. Nd3 Rb5 29. Ra1 Rb8 30. b4 Be7 31. Ra4 Kf8 32. Rd2 Bd6 33. Nc5 Ke7 34. Kf3 Ke8 35. Ke2 b6 36. Nd3 Rb7 37. Rda2 Kd7 38. Kd2 Ke6 39. Kc3 Kf5 40. Ra7 Rxa7 41. Rxa7 Ke6 42. Rb7 f6 43. Rg7 Kf5 44. Rd7 Ke6 45. Rg7 Kf5 46. Rd7 Ke6 47. Rg7 1/2-1/2


[Site "https://www.chess.com"]

[Event "Titled Tuesday Blitz November 14 Late 2023"]
[White "Solon, Nathan"]
[Black "Kubatko, Ivan"]
[WhiteFideId "2017229"]
[BlackFideId "24111473"]
[WhiteElo "2672"]
[BlackElo "2402"]
[Result "1-0"]
[Round "1"]
[TimeControl "180+1"]
[Date "2023.11.14"]
[WhiteClock "0:00:55"]
[BlackClock "0:00:02"]
[Board "80"]

1. d4 d5 2. Bf4 c5 3. e3 Nc6 4. Nf3 Nf6 5. Nbd2 Bg4 6. h3 Bh5 7. g4 Bg6 8. Bb5 e6 9. Ne5 Rc8 10. h4 cxd4 11. exd4 h6 12. Nxg6 fxg6 13. c3 Kf7 14. Qf3 Bd6 15. Bxc6 Rxc6 16. O-O-O Bxf4 17. Qxf4 Qc7 18. Qxc7+ Rxc7 19. g5 Nd7 20. Nf3 b5 21. Kd2 b4 22. cxb4 Rb8 23. a3 a5 24. Rc1 Rcb7 25. h5 axb4 26. a4 b3 27. hxg6+ Kxg6 28. gxh6 gxh6 29. Rcg1+ Kf7 30. Rxh6 Ke7 31. Rg7+ Kd6 32. Ng5 Nf8 33. Rxb7 Rxb7 34. Rf6 Ke7 35. Rf7+ 1-0


[Site "https://www.chess.com"]

[Event "Titled Tuesday Blitz November 14 Late 2023"]
[White "Saya, Ethan"]
[Black "MKlose11"]
[WhiteFideId "26095181"]
[WhiteElo "2401"]
[BlackElo "2671"]
[Result "1/2-1/2"]
[Round "1"]
[TimeControl "180+1"]
[Date "2023.11.14"]
[WhiteClock "0:00:02"]
[BlackClock "0:00:02"]
[Board "81"]

1. d4 Nf6 2. c4 c5 3. d5 b5 4. cxb5 a6 5. bxa6 Bxa6 6. Nc3 g6 7. e4 Bxf1 8. Kxf1 d6 9. g3 Bg7 10. Kg2 O-O 11. Nf3 Nbd7 12. Re1 Ne8 13. a4 Qb6 14. Nb5 Nc7 15. Nxc7 Qxc7 16. Qc2 Rfb8 17. Nd2 Qb6 18. Nc4 Qb3 19. Qxb3 Rxb3 20. Bd2 Ne5 21. Nxe5 Bxe5 22. Reb1 Ra6 23. Ra2 f5 24. exf5 gxf5 25. Re1 Kf7 26. Bc3 Bxc3 27. bxc3 Rxc3 28. Rd1 Ra5 29. f4 Rb3 30. Re1 Rd3 31. Rae2 Ra7 32. Re6 Rxd5 33. Rh6 Kg7 34. Rhe6 Rd2+ 35. Kh3 Kf8 36. Rh6 Rxa4 37. Rxh7 Raa2 38. Rh1 c4 39. Rh8+ Kg7 40. Rc8 Rac2 41. Kh4 Rxh2+ 42. Rxh2 Rxh2+ 43. Kg5 d5 44. Kxf5 Kf7 45. g4 Re2 46. Rc7 Re3 47. Rc5 e6+ 48. Kg5 c3 49. Rc7+ Ke8 50. Kf6 Kd8 51. Rc5 d4 52. g5 Kd7 53. g6 Rf3 54. g7 Rxf4+ 55. Kg6 Rg4+ 56. Kf7 Kd6 57. Rc8 e5 58. Kf6 Rxg7 59. Kxg7 Kd5 60. Kf6 Ke4 61. Re8 c2 62. Rxe5+ Kf3 63. Rc5 d3 64. Ke5 d2 65. Rxc2 d1=Q 66. Rc5 Qa1+ 67. Kd5 Ke3 68. Kd6 Qa3 69. Kd5 Kf4 70. Kc4 Ke4 71. Rc6 Qb2 72. Rc5 Qc2+ 73. Kb5 Qb1+ 74. Kc6 Kd4 75. Rd5+ Ke4 76. Rc5 Qb3 77. Rb5 Qa4 78. Kc5 Qd4+ 79. Kc6 Qc4+ 80. Rc5 Qa6+ 81. Kc7 Kd4 82. Rc6 Qa7+ 83. Kd6 Qf7 84. Rc7 Qf6+ 85. Kd7 Kd5 86. Kc8 Kd6 87. Rd7+ Kc6 88. Rc7+ Kb6 89. Rb7+ Ka6 90. Rc7 Qe6+ 91. Kd8 Kb6 92. Rb7+ Kc6 93. Rc7+ Kb6 94. Rb7+ Ka6 95. Re7 Qg8+ 96. Kd7 Kb5 97. Re8 Qd5+ 98. Ke7 Qg5+ 99. Kf7 Kc5 100. Re6 Kd5 101. Rg6 Qh5 102. Kf6 Qf3+ 103. Kg5 Ke5 104. Rg7 Qg3+ 105. Kh6 Qh4+ 106. Kg6 Ke6 107. Rg8 Qg4+ 108. Kh7 Qh5+ 109. Kg7 Ke7 110. Rh8 Qg5+ 111. Kh7 Kf7 112. Rf8+ Ke7 113. Rh8 Qg4 114. Rg8 Qh5+ 115. Kg7 Qg5+ 1/2-1/2


[Site "https://www.chess.com"]

[Event "Titled Tuesday Blitz November 14 Late 2023"]
[White "Bjelobrk, Igor"]
[Black "Marchesich, Giovanni"]
[WhiteFideId "4300726"]
[BlackFideId "2824790"]
[WhiteElo "2669"]
[BlackElo "2401"]
[Result "1-0"]
[Round "1"]
[TimeControl "180+1"]
[Date "2023.11.14"]
[WhiteClock "0:01:50"]
[BlackClock "0:00:17"]
[Board "82"]

1. d4 Nf6 2. c4 c5 3. d5 b5 4. cxb5 a6 5. bxa6 g6 6. Nc3 Bg7 7. e4 O-O 8. Be2 Qa5 9. Bd2 Bxa6 10. e5 Ne8 11. Nf3 d6 12. e6 fxe6 13. Ng5 Bxe2 14. Qxe2 Nc7 15. Nxe6 Nxe6 16. Qxe6+ Kh8 17. O-O Na6 18. Qxe7 Qb6 19. Rab1 Rae8 20. Qh4 Nb4 21. Bh6 Bf6 22. Qc4 Rf7 23. Rbe1 Rfe7 24. Re6 Rxe6 25. dxe6 Qc6 26. Rd1 Bd4 27. Rxd4 cxd4 28. Qxd4+ Kg8 29. Qg7# 1-0


[Site "https://www.chess.com"]

[Event "Titled Tuesday Blitz November 14 Late 2023"]
[White "Jamal-Jamal-Jamal"]
[Black "Luczak, Filip"]
[BlackFideId "1193686"]
[WhiteElo "2399"]
[BlackElo "2669"]
[Result "0-1"]
[Round "1"]
[TimeControl "180+1"]
[Date "2023.11.14"]
[WhiteClock "0:00:08"]
[BlackClock "0:00:13"]
[Board "83"]

1. e4 g6 2. d4 Bg7 3. Nc3 c5 4. dxc5 Bxc3+ 5. bxc3 Nf6 6. f3 Qa5 7. Qd4 Nc6 8. Qe3 O-O 9. Bd2 b6 10. cxb6 axb6 11. Bc4 Ne5 12. Bb3 Ba6 13. Ne2 Nc4 14. Bxc4 Bxc4 15. O-O Rfc8 16. Rfb1 Bxe2 17. Qxe2 Rc6 18. Qe3 d6 19. Rb2 Nd7 20. f4 Nc5 21. Rab1 Rac8 22. e5 dxe5 23. fxe5 Qa4 24. h3 Qc4 25. Rxb6 Qxa2 26. R6b2 Qd5 27. Rb5 Qa2 28. R5b2 Qa4 29. Kh2 Ne6 30. Rb3 Rc4 31. R1b2 Qc6 32. Rb4 Rc5 33. Rb6 Qd5 34. Rb8 Qd8 35. Rxc8 Rxc8 36. Rb1 Qd5 37. Rd1 Rd8 38. c4 Qxc4 39. Rc1 h5 40. Be1 Rc8 41. Bg3 Qd5 42. Qe2 Kg7 43. c4 Qd4 44. Bf2 Qf4+ 45. Bg3 Qxc1 46. Qe4 Qxc4 47. Qe3 Qc3 48. Qe4 Qd4 49. Qb7 Rc7 50. Qb8 Rc3 51. Be1 Qf4+ 52. Kg1 Qe3+ 53. Kf1 Rc1 54. Qb4 Qxe5 55. Kf2 Rxe1 56. Qxe1 Qxe1+ 57. Kxe1 Kf6 58. Ke2 h4 0-1


[Site "https://www.chess.com"]

[Event "Titled Tuesday Blitz November 14 Late 2023"]
[White "Maltsevskaya, Aleksandra"]
[Black "hristos03"]
[WhiteFideId "24174041"]
[WhiteElo "2666"]
[BlackElo "2392"]
[Result "1-0"]
[Round "1"]
[TimeControl "180+1"]
[Date "2023.11.14"]
[WhiteClock "0:00:08"]
[BlackClock "0:00:05"]
[Board "84"]

1. Nf3 Nf6 2. d3 e6 3. g3 d5 4. Bg2 Be7 5. O-O O-O 6. Nbd2 c6 7. e4 dxe4 8. dxe4 b6 9. Re1 Bb7 10. e5 Nfd7 11. Nc4 c5 12. Nd6 Bc6 13. Bf4 Na6 14. c3 Nc7 15. c4 Ne8 16. Qd3 g6 17. Bh6 Ng7 18. Rad1 Qc7 19. Qe3 Rad8 20. Qf4 Nh5 21. Qe3 Ng7 22. Bf4 Bxd6 23. exd6 Qb7 24. g4 Nf6 25. h3 Rfe8 26. Bg5 Rd7 27. Bxf6 e5 28. Qh6 Ne6 29. Rxe5 Bxf3 30. Rh5 gxh5 31. Re1 Bxg2 32. Rxe6 fxe6 33. Qg5+ Kf7 34. Qg7# 1-0


[Site "https://www.chess.com"]

[Event "Titled Tuesday Blitz November 14 Late 2023"]
[White "Mushini Ajay"]
[Black "Piesik, Piotr"]
[WhiteFideId "35066188"]
[BlackFideId "1136194"]
[WhiteElo "2389"]
[BlackElo "2663"]
[Result "1/2-1/2"]
[Round "1"]
[TimeControl "180+1"]
[Date "2023.11.14"]
[WhiteClock "0:00:13"]
[BlackClock "0:01:15"]
[Board "85"]

1. e4 g6 2. Nc3 Bg7 3. f4 c6 4. Nf3 d5 5. e5 Nh6 6. d4 Bg4 7. h3 Bxf3 8. Qxf3 Nf5 9. Be3 h5 10. Bd3 Nxe3 11. Qxe3 e6 12. O-O-O h4 13. Kb1 Nd7 14. g3 hxg3 15. Qxg3 Qh4 16. Qf3 O-O-O 17. Ne2 Bf8 18. c4 dxc4 19. Bxc4 Nb6 20. Bb3 Be7 21. Nc3 Qh5 22. Qe3 Qh7 23. a3 Qg7 24. Ka2 Rh4 25. Rc1 Kb8 26. Ne4 Qh6 27. Ng5 Bxg5 28. fxg5 Qf8 29. Rhf1 Nd5 30. Bxd5 Rxd5 31. Rf4 Rxf4 32. Qxf4 Rd7 33. h4 Qd8 34. Rc4 a6 35. Qe4 Qa5 36. Rc5 Qd2 37. Rc4 Ka8 38. Rxc6 bxc6 39. Qxc6+ Rb7 40. Qc8+ Ka7 41. Qc5+ Kb8 42. Qf8+ Kc7 43. Qd6+ Kc8 44. Qf8+ Kd7 45. Qxf7+ Kc6 46. Qxe6+ Kc7 47. Qd6+ Kc8 48. Qf8+ Kc7 49. Qd6+ Kc8 50. Qf8+ Kc7 51. Qd6+ 1/2-1/2


[Site "https://www.chess.com"]

[Event "Titled Tuesday Blitz November 14 Late 2023"]
[White "Kushko, Dmitriy"]
[Black "Real_taiatai"]
[WhiteFideId "14162261"]
[WhiteElo "2663"]
[BlackElo "2386"]
[Result "1-0"]
[Round "1"]
[TimeControl "180+1"]
[Date "2023.11.14"]
[WhiteClock "0:00:42"]
[BlackClock "0:00:05"]
[Board "86"]

1. Nf3 Nf6 2. g3 g6 3. c4 Bg7 4. Bg2 O-O 5. O-O d6 6. Nc3 Nc6 7. d3 e5 8. Rb1 a5 9. b3 Nh5 10. e4 f5 11. Bg5 Qe8 12. exf5 gxf5 13. Nh4 Nf6 14. f4 Ng4 15. fxe5 Qxe5 16. Nd5 Qd4+ 17. Kh1 Nf2+ 18. Rxf2 Qxf2 19. Nxc7 Rb8 20. Bd5+ Kh8 21. Qh5 Ne5 22. Bf4 Rf6 23. Bxe5 dxe5 24. Ne8 Bd7 25. Nxg7 Kxg7 26. Qg5+ Rg6 27. Qe7+ Kh6 28. Qxd7 Rf6 29. Qe7 Rbf8 30. Qxe5 f4 31. Nf3 fxg3 32. Qg5# 1-0


[Site "https://www.chess.com"]

[Event "Titled Tuesday Blitz November 14 Late 2023"]
[White "Melikhov, Evgeny V."]
[Black "Sydoryka, Vladyslav"]
[WhiteFideId "4122046"]
[BlackFideId "14145928"]
[WhiteElo "2382"]
[BlackElo "2659"]
[Result "0-1"]
[Round "1"]
[TimeControl "180+1"]
[Date "2023.11.14"]
[WhiteClock "0:00:00"]
[BlackClock "0:00:03"]
[Board "87"]

1. d4 Nf6 2. c4 e6 3. Nc3 Bb4 4. Qc2 O-O 5. e4 d5 6. e5 Ne4 7. Bd3 c5 8. Nf3 cxd4 9. Nxd4 Nd7 10. Bf4 Qh4 11. g3 Qh5 12. O-O Bxc3 13. bxc3 g5 14. cxd5 exd5 15. e6 fxe6 16. Bxe4 gxf4 17. Bf3 Qf7 18. Rfe1 e5 19. Nb5 fxg3 20. hxg3 Qxf3 21. Nc7 Rb8 22. Re3 Qf7 23. Rd1 e4 24. Nxd5 Nc5 25. Nf4 b6 26. Rd5 Kh8 27. Qd2 Bb7 28. Qd4+ Qg7 29. Qb4 Bxd5 30. Nxd5 Rbd8 31. Nf4 Rd1+ 0-1


[Site "https://www.chess.com"]

[Event "Titled Tuesday Blitz November 14 Late 2023"]
[White "Dobrikov, Marco"]
[Black "Bogaudinov, Rushan"]
[WhiteFideId "12950378"]
[BlackFideId "4129288"]
[WhiteElo "2656"]
[BlackElo "2382"]
[Result "0-1"]
[Round "1"]
[TimeControl "180+1"]
[Date "2023.11.14"]
[WhiteClock "0:02:08"]
[BlackClock "0:00:21"]
[Board "88"]

1. c4 e5 2. Nc3 Nf6 3. Nf3 Nc6 4. g3 Bb4 5. Bg2 O-O 6. O-O Bxc3 7. dxc3 d6 8. Bg5 h6 9. Bxf6 Qxf6 10. Nd2 Qe7 11. e4 a5 12. Re1 a4 13. Nf1 f5 14. exf5 Bxf5 15. Ne3 Be6 16. c5 dxc5 17. Bxc6 bxc6 18. Qc2 Qf6 19. Re2 Qf3 20. Rd2 Rad8 21. Rad1 Rxd2 22. Rxd2 Bxa2 23. Qxa4 Bd5 24. Nxd5 cxd5 25. Qc6 d4 26. Qxc5 dxc3 27. bxc3 e4 28. Qxc7 e3 29. Qc4+ Kh8 30. fxe3 Qxe3+ 31. Rf2 0-1


[Site "https://www.chess.com"]

[Event "Titled Tuesday Blitz November 14 Late 2023"]
[White "Balla, Tamas-Kristof"]
[Black "Adla, Diego"]
[WhiteFideId "1208497"]
[BlackFideId "100072"]
[WhiteElo "2380"]
[BlackElo "2654"]
[Result "0-1"]
[Round "1"]
[TimeControl "180+1"]
[Date "2023.11.14"]
[WhiteClock "0:02:00"]
[BlackClock "0:01:48"]
[Board "89"]

1. e4 e5 2. Nf3 Nc6 3. d4 exd4 4. Nxd4 Nf6 5. Nxc6 bxc6 6. e5 Qe7 7. Qe2 Nd5 8. h4 a5 9. c4 Ba6 10. Nd2 Nb6 11. b3 d5 12. exd6 cxd6 13. Bb2 O-O-O 14. Qxe7 Bxe7 15. Be2 d5 16. h5 dxc4 17. Nxc4 Nxc4 18. Bxc4 Bb4+ 19. Kf1 Bxc4+ 20. bxc4 Rd2 21. Bxg7 Re8 22. Bh6 Rc2 23. Be3 Rxc4 24. g3 Rc2 25. Kg2 Rxe3 0-1


[Site "https://www.chess.com"]

[Event "Titled Tuesday Blitz November 14 Late 2023"]
[White "Prestia, Paris"]
[Black "Bugayev, Vladimir"]
[WhiteFideId "30925959"]
[BlackFideId "30901480"]
[WhiteElo "2651"]
[BlackElo "2379"]
[Result "1-0"]
[Round "1"]
[TimeControl "180+1"]
[Date "2023.11.14"]
[WhiteClock "0:00:10"]
[BlackClock "0:00:18"]
[Board "90"]

1. Nf3 c5 2. c4 g6 3. g3 Bg7 4. Bg2 Nc6 5. O-O d6 6. Nc3 e5 7. d3 Nge7 8. a3 a5 9. Rb1 O-O 10. Bg5 f6 11. Bd2 Be6 12. e4 Bf7 13. Nd5 Nxd5 14. cxd5 Nd4 15. Nxd4 exd4 16. b4 axb4 17. axb4 b6 18. bxc5 bxc5 19. Rb7 Ra3 20. Bf4 g5 21. Bc1 Rc3 22. Bb2 f5 23. Bxc3 dxc3 24. exf5 Bd4 25. Be4 Qf6 26. Qb3 h5 27. Rb8 h4 28. Rxf8+ Kxf8 29. Ra1 h3 30. Ra8+ Kg7 31. Qd1 Qh6 32. Rb8 Kf6 33. Rb7 g4 34. Kf1 Qg5 35. Ke2 Be8 36. Rb6 Ke5 37. Kf1 Ba4 38. Qe2 Qc1+ 39. Qe1 Qd2 40. Bh1+ Be3 41. fxe3 Qxd3+ 42. Qe2 c2 43. Qxd3 c1=Q+ 44. Ke2 Qxh1 45. Qc3+ Kxf5 46. Rxd6 Qf3+ 47. Kd3 Qd1+ 48. Kc4 Qe2+ 49. Kxc5 Qb5+ 50. Kd4 Bb3 51. e4+ Kg5 52. Qe3+ Kh5 53. Rh6# 1-0


[Site "https://www.chess.com"]

[Event "Titled Tuesday Blitz November 14 Late 2023"]
[White "Degtiarev, Evgeny"]
[Black "Sivakumar, Shaaketh"]
[WhiteFideId "4149610"]
[BlackFideId "30940176"]
[WhiteElo "2376"]
[BlackElo "2645"]
[Result "0-1"]
[Round "1"]
[TimeControl "180+1"]
[Date "2023.11.14"]
[WhiteClock "0:00:04"]
[BlackClock "0:00:04"]
[Board "91"]

1. d4 e6 2. c4 b6 3. Nc3 Bb7 4. e4 Bb4 5. Qc2 Qh4 6. Bd3 f5 7. Nf3 Qg4 8. O-O Bxc3 9. h3 Qh5 10. bxc3 Nh6 11. d5 O-O 12. Bxh6 Qxh6 13. exf5 exd5 14. cxd5 Na6 15. c4 Nc5 16. Rfe1 Rae8 17. Bf1 d6 18. Rxe8 Rxe8 19. Re1 Rxe1 20. Nxe1 Qf6 21. g4 b5 22. Nf3 b4 23. Qd2 a5 24. Nd4 Qe5 25. Ne6 Ne4 26. Qe3 c5 27. Bg2 Qa1+ 28. Kh2 Nf6 29. Nd8 Bc8 30. Nc6 Bd7 31. Qe7 Qxa2 32. Qd8+ Be8 33. Qxd6 Qxf2 34. Qe6+ Bf7 35. Qc8+ Ne8 36. Qb8 a4 37. Ne7+ Kf8 38. Nc8 a3 39. d6 a2 40. d7 a1=Q 41. dxe8=Q+ Bxe8 42. Qd6+ Kg8 43. Qe6+ Bf7 44. Ne7+ Kf8 45. Qc8+ Be8 46. Qc7 Qag1# 0-1


[Site "https://www.chess.com"]